Map: Ruins of Seras

Players

MCanning - Winner!

  • Race: Protoss Protoss
  • League: Grandmaster

dyn

  • Race: Zerg Zerg
  • League: Grandmaster

VOD

https://www.youtube.com/watch?v=CiUbpTDz3P8

Description

Time

  • Played on: Dec. 2, 2015, 1:50 a.m.
  • Length: 8:47
Show
View Real Time Build Order
Export as new Build Order

MCanning Protoss - Winner!

Build Orders: 1 Gate Expand 

Get SALT Encoding   

  12  0:03  Probe (Chrono Boost)  
  13  0:13  Probe (Chrono Boost)  
  14  0:21  Pylon  
  14  0:26  Probe (Chrono Boost)  
  15  0:39  Probe (Chrono Boost)  
  16  0:44  Gateway  
  16  0:50  Probe (Chrono Boost)  
  17  1:01  Probe (Chrono Boost)  
  17  1:02  Assimilator  
  19  1:11  Probe (Chrono Boost)  
  19  1:25  Nexus  
  19  1:28  Probe (Chrono Boost)  
  20  1:38  Cybernetics Core  
  20  1:41  Probe (Chrono Boost)  
  21  1:49  Pylon  
  21  1:53  Probe (Chrono Boost)  
  22  2:00  Assimilator  
  22  2:03  Probe (Chrono Boost)  
  23  2:11  Zealot  
  23  2:14  Probe (Chrono Boost)  
  26  2:24  Warp Gate  
  26  2:25  Mothership Core (Chrono Boost)  
  28  2:39  Pylon  
  28  2:40  Probe (Chrono Boost)  
  28  2:43  Stalker, Probe (Chrono Boost)  
  32  2:50  Probe (Chrono Boost)  
  33  2:54  Probe (Chrono Boost)  
  34  3:00  Robotics Facility  
  34  3:07  Probe (Chrono Boost)  
  34  3:11  Probe (Chrono Boost)  
  36  3:18  Probe (Chrono Boost)  
  37  3:21  Probe (Chrono Boost)  
  37  3:23  Gateway  
  38  3:29  Gateway  
  38  3:37  Gateway  
  38  3:38  Probe (Chrono Boost)  
  39  3:41  Probe (Chrono Boost)  
  40  3:49  Probe (Chrono Boost)  
  40  3:50  Warp Prism (Chrono Boost)  
  43  3:56  Probe  
  43  3:58  Pylon  
  43  4:01  Probe  
  45  4:09  Probe  
  46  4:13  Probe  
  46  4:15  Pylon  
  48  4:26  Immortal (Chrono Boost)  
  53  4:33  Adept x3  
  53  4:34  Adept  
  59  4:40  Twilight Council  
  59  4:47  Pylon  
  59  4:59  Immortal (Chrono Boost), Adept x3  
  69  5:10  Pylon  
  69  5:11  Gateway  
  65  5:21  Charge (Chrono Boost)  
  65  5:32  Immortal  
  63  5:42  Gateway  
  67  5:44  Gateway  
  67  5:46  Gateway  
  67  5:49  Gateway  
  67  5:50  Pylon  
  67  5:54  Pylon  
  67  6:09  Observer  
  67  6:16  Pylon  
  68  6:18  Pylon  
  68  6:19  Gateway  
  68  6:23  Zealot x4  
  76  6:28  Zealot  
  78  6:45  Zealot x6  
  90  6:49  Pylon  
  90  6:50  Zealot x2  
  90  6:53  Zealot  
  96  7:08  Sentry x3  
  101  7:09  Zealot  
  101  7:10  Zealot x2  
  101  7:11  Sentry  
  109  7:15  Zealot  
  110  7:28  Zealot  
  96  7:31  Zealot x2  
  96  7:32  Zealot x2  
  96  7:35  Zealot  
  102  7:39  Sentry x2  
  104  7:55  Zealot x3  
  110  7:58  Zealot x2  
  110  8:01  Zealot  
  114  8:13  Sentry x2  
  114  8:16  Zealot x2  
  114  8:17  Zealot  
  114  8:19  Zealot  
  112  8:20  Zealot  
  112  8:22  Zealot  
  92  8:31  Zealot x2  
  92  8:33  Probe  
  81  8:37  Zealot  
  81  8:41  Zealot  
  77  8:44  Zealot  
Show
View Real Time Build Order
Export as new Build Order

dyn Zerg 

Build Orders: Hatch First 

Get SALT Encoding   

  12  0:01  Drone  
  13  0:10  Drone  
  14  0:19  Overlord  
  14  0:38  Drone x3  
  17  0:56  Hatchery  
  16  0:59  Drone  
  16  1:02  Drone  
  18  1:07  Extractor  
  17  1:20  Spawning Pool  
  17  1:23  Drone  
  17  1:25  Drone  
  18  1:33  Drone  
  19  1:42  Overlord  
  19  1:54  Drone  
  20  2:05  Drone  
  20  2:08  Metabolic Boost, Queen  
  21  2:14  Queen  
  25  2:16  Zergling x2  
  25  2:18  Drone  
  25  2:21  Drone  
  28  2:26  Overlord  
  28  2:29  Drone  
  29  2:37  Drone  
  30  2:40  Drone  
  31  2:48  Overlord  
  31  2:50  Queen  
  33  2:51  Drone  
  34  2:58  Drone  
  34  3:01  Drone  
  36  3:08  Hatchery  
  36  3:11  Drone  
  36  3:14  Drone  
  36  3:17  Drone x3  
  40  3:25  Zergling x8  
  44  3:28  Overlord  
  44  3:33  Roach Warren  
  42  3:39  Drone  
  42  3:40  Drone  
  44  3:44  Overlord  
  44  3:49  Drone x4  
  48  3:56  Overlord  
  48  4:04  Drone x4  
  48  4:09  Overlord, Extractor  
  52  4:17  Lair, Drone, Evolution Chamber  
  52  4:19  Drone x2  
  52  4:20  Drone  
  52  4:21  Drone  
  55  4:26  Drone  
  56  4:35  Overlord  
  56  4:38  Drone  
  57  4:40  Drone x3  
  57  4:42  Overlord, Extractor  
  57  4:45  Roach x2  
  63  4:52  Overlord  
  63  4:55  Roach x4  
  71  5:04  Roach  
  73  5:07  Zergling x4  
  73  5:10  Zergling x2  
  73  5:13  Zergling x4  
  78  5:16  Zergling x4  
  79  5:22  Roach, Zergling x2  
  79  5:27  Zergling x8  
  86  5:30  Queen  
  86  5:32  Overlord x2  
  86  5:36  Overlord x2  
  86  5:38  Zergling x2  
  87  5:46  Overlord, Glial Reconstitution  
  87  5:49  Drone x2  
  89  5:53  Overlord  
  89  5:55  Zergling x2  
  90  5:59  Overseer  
  90  6:00  Overlord  
  90  6:07  Roach x4  
  90  6:08  Roach, Zergling x4  
  90  6:10  Zergling x2  
  100  6:13  Overlord x2  
  100  6:24  Overlord  
  100  6:27  Zerg Ground Armor Level 1  
  100  6:32  Overlord  
  100  6:38  Roach x2  
  100  6:39  Roach x2  
  108  6:40  Zergling x8  
  112  6:47  Zergling x8  
  112  6:48  Zergling x2  
  117  6:55  Roach  
  117  6:56  Roach x3  
  125  7:01  Overlord  
  125  7:04  Zergling x2  
  125  7:05  Zergling x4  
  125  7:06  Ravager  
  129  7:10  Ravager  
  129  7:11  Zergling x6  
  112  7:33  Roach x5, Zergling x6  
  112  7:34  Zergling x2  
  112  7:36  Roach x3  
  115  7:43  Roach  
  117  7:46  Ravager  
  117  7:51  Spine Crawler, Roach, Zergling x6  
  119  7:52  Zergling x4  
  119  7:57  Roach  
  119  7:58  Roach, Zergling x4  
  129  8:08  Roach x3  
  134  8:18  Roach x3  
  117  8:21  Roach x2, Zergling x2  
  95  8:27  Roach, Zergling x4  
Tags
 
Add a new tag
Caveats
  • Supply blocks, unpowered buildings, or Contaminate may cause inaccurate times.
  • Supply counts are checked every 10 seconds.